 Seeded DCSS version 0.28-a0-664-gc179e30c89 (webtiles) character file.

Game seed: 20211015 (custom seed)

40 a11behringer the Shield-Bearer (level 3, -9/33 HPs)
             Began as a Minotaur Fighter on Oct 16, 2021.
             Killed by nerve-wracking pain
             ... invoked by Grinder
              (13 damage)
             ... on level 3 of the Dungeon.
             The game lasted 00:06:12 (1878 turns).

a11behringer the Shield-Bearer (Minotaur Fighter)   Turns: 1878, Time: 00:06:12

Health: -9/33      AC: 10    Str: 20    XL:     3   Next: 30%
Magic:  2/2        EV:  7    Int:  5    God:
Gold:   128        SH:  4    Dex: 10    Spells: 2/2 levels left

rFire   . . .      SeeInvis .   a - +1 trident
rCold   . . .      Faith    .   c - +0 buckler
rNeg    . . .      Spirit   .   e - +0 chain mail
rPois   .          Reflect  .   (helmet restricted)
rElec   .          Harm     .   (no cloak)
rCorr   +          Rampage  .   (no gloves)
Will    .....                   j - +0 pair of boots
Stlth   ..........              (no amulet)
HPRegen 0.11/turn               f - ring of resist corrosion
MPRegen 0.08/turn               (no ring)

@: no status effects
A: horns 2, retaliatory headbutt
a: no special abilities


You were on level 3 of the Dungeon.
You visited 1 branch of the dungeon, and saw 3 of its levels.

You collected 128 gold pieces.

Inventory:

Hand Weapons
 a - a +1 trident (weapon)
Missiles
 g - 22 sling bullets
 k - 7 boomerangs (quivered)
Armour
 b - a +0 scale mail
 c - a +0 buckler (worn)
 e - a +0 chain mail (worn)
 j - a +0 pair of boots (worn)
 r - a +0 plate armour
Jewellery
 f - a ring of resist corrosion (left hand)
 p - an amulet of the acrobat
 q - an amulet of regeneration
Scrolls
 m - a scroll of noise {unknown}
 o - 2 scrolls of identify {unknown}
Potions
 d - a potion of might
 h - a potion of lignification {unknown}
 i - 2 potions of curing {unknown}
 l - a potion of heal wounds {unknown}
 n - a potion of attraction {unknown}
 s - a potion of haste {unknown}


   Skills:
 + Level 3.9 Fighting
 * Level 3.3 Polearms
 + Level 4.0 Armour
 + Level 4.2 Shields


You had 2 spell levels left.
You didn't know any spells.
Your spell library contained the following spells:

 Spells                   Type           Power      Damage    Failure   Level
 Static Discharge         Conj/Air       0%         N/A       100%        2
 Dispel Undead            Necr           0%         3d6       100%        4
 Sticky Flame             Conj/Fire      0%         2d3       100%        4


Dungeon Overview and Level Annotations

Branches:
Dungeon (3/15)

Altars:

Shops:
D:1 :

Annotations:
D:3 1 transporter, AttackTheMoon's ghost, amateur TeAK; Grinder


Innate Abilities, Weirdness & Mutations

You have a pair of horns on your head.
You reflexively headbutt those who attack you in melee.


Message History

HP restored.
i - 2 sedimented pink potions (gained 1)
You open the door.
There is an open door here.
Found a chain mail.
You see here a +0 chain mail.
Grinder comes into view.
Grinder shouts!
Grinder says, "Tell me all your secrets, or I'll kill you."
Grinder gestures at you.
You suddenly lose the ability to move!
Grinder gestures at you. Pain shoots through your body!
You can move again.
You barely miss Grinder. Your headbutt misses Grinder.
Grinder barely misses you.
You hit Grinder.
Grinder is lightly wounded.
Grinder hits you.
You writhe in agony.
Grinder hits you.
You writhe in agony.
You barely miss Grinder.
Grinder blinks!
Grinder says, "Tell me all your secrets, or I'll kill you."
You puncture Grinder!
Grinder is moderately wounded.
Grinder hits you but does no damage.
You closely miss Grinder.
Grinder is moderately wounded.
Grinder barely misses you.
You hit Grinder but do no damage. Your headbutt misses Grinder.
Grinder is moderately wounded.
Grinder gestures at you. Pain shoots through your body!
* * * LOW HITPOINT WARNING * * *
You hit Grinder.
Grinder is moderately wounded.
You block Grinder's attack.
You puncture Grinder! You headbutt Grinder, but do no damage.
Grinder is heavily wounded.
Grinder gestures at you. Pain shoots through your body!
You die...

## ##### #.
#.#.#
#.##...###
#....[...#
##.###.#.#
#.#...#@#
#.#.###5#
#.#. ..# #.#
####
####'#######
#.......†..#
#......###.#
#.[....# #.#
#......# #.#


You could see Grinder.

Vanquished Creatures
  3 worms (D:2)
  2 ball pythons (D:3)
  2 endoplasms
  9 giant cockroaches (D:1)
  2 goblins
  3 hobgoblins
  2 quokkas (D:1)
  A frilled lizard (D:2)
  2 rats
26 creatures vanquished.

Notes
Turn   | Place    | Note
-------+----------+-------------------------------------------
     0 | D:1      | a11behringer the Minotaur Fighter began the quest for the
                  | Orb.
     0 | D:1      | Reached XP level 1. HP: 19/19 MP: 0/0
   213 | D:1      | Reached XP level 2. HP: 27/27 MP: 1/1
   224 | D:1      | Found Lurig's Book Boutique.
  1126 | D:2      | Reached XP level 3. HP: 13/33 MP: 2/2
  1715 | D:2      | Found a faded altar of an unknown god.
  1814 | D:3      | Found a transporter.
  1814 | D:3      | Noticed AttackTheMoon's ghost (amateur TeAK)
  1867 | D:3      | Noticed Grinder
  1868 | D:3      | Paralysed by Grinder for 2 turns
  1878 | D:3      | Killed from afar by Grinder

Illustrated notes

Levels and vault maps discovered:
D:1:      nicolae_arrival_memento_mori, layout_basic, serial_shops,
          nicolae_shop_waterfront, hangedman_decor_peaks_small, nrook_campfire,
          hangedman_decor_push, minmay_worlds_worst_comb
D:2:      layout_loops_cross, shapermc_ecumenical_altar_hornbeckon
D:3:      layout_basic, tso_altar, gammafunk_ghost_arena, uniq_grinder

Skill      XL: |  1  2 |
---------------+-------+-----
Shields        | 4 |  4.2
Armour         | 4 |  4.0
Polearms       | 3 |  3.3
Fighting       | |  3.9

Action                   || total
-------------------------++-------
Melee: Trident           ||    79
       Headbutt          ||    15
  Use: Scroll            ||     1
Armor: Scale mail        ||     6
       Chain mail        ||    18
Dodge: Dodged            ||    21
Block: Buckler           ||    13

Table legend: (Time is in decaauts)
 A = Elapsed time spent in this place.
 B = Non-inter-level travel time spent in this place.
 C = Inter-level travel time spent in this place.
 D = Time resting spent in this place.
 E = Time spent auto-exploring this place.
 F = Levels seen in this place.
 G = Mean time per level.
                   A        B        C        D        E       F      G
               +--------+--------+--------+--------+--------+-----+--------+
         Total |   1896 |   1639 |    257 |      0 |   1401 |   3 |  632.0 |
       Dungeon |   1896 |   1639 |    257 |      0 |   1401 |   3 |  632.0 |
               +--------+--------+--------+--------+--------+-----+--------+

Top non-repeatable levels by time:
     D:2: 923 daAuts
     D:1: 903 daAuts
     D:3: 69 daAuts
